 Dungeon Crawl Stone Soup version 0.20.0 (webtiles) character file.

54 Danakh the Chiller (level 3, 0/24 HPs)
             Began as a Barachi Ice Elementalist on May 30, 2017.
             Slain by a gnoll
             ... wielding a +0 club
              (7 damage)
             ... on level 1 of the Dungeon.
             The game lasted 00:05:29 (1323 turns).

Danakh the Chiller (Barachi Ice Elementalist)       Turns: 1323, Time: 00:05:30

Health: 0/24       AC:  2    Str:  9    XL:     3   Next: 91%
Magic:  2/8        EV: 12    Int: 16    God:
Gold:   94         SH:  0    Dex: 12    Spells: 3/9 levels left

rFire    . . .     SeeInvis .   d - +0 short sword
rCold    . . .     Gourm    .   (no shield)
rNeg     . . .     Faith    .   a - +0 robe
rPois    .         Spirit   .   (no helmet)
rElec    .         Reflect  .   (no cloak)
rCorr    .         Harm     .   (no gloves)
MR       .....                  (no boots)
Stlth    ++........             (no amulet)
Regen    0.1/turn               (no ring)
MPRegen  0.2/turn               (no ring)

@: can't hop, slow
A: +LOS, swims, slowness 1, strong legs 1
a: Hop


You were on level 1 of the Dungeon.
You were not hungry.

You visited 1 branch of the dungeon, and saw 2 of its levels.

You collected 94 gold pieces.

Inventory:

Hand Weapons
 d - a +0 short sword (weapon)
Armour
 a - a +0 robe (worn)
Scrolls
 e - 4 scrolls of identify {unknown}
 g - a scroll of amnesia {unknown}
 i - a scroll of noise {unknown}
 j - a scroll of recharging {unknown}
 k - 2 scrolls of enchant armour {unknown}
 o - a scroll of fear {unknown}
Potions
 h - a potion of resistance {unknown}
 m - a potion of haste {unknown}
Books
 b - a book of Frost

   Spells                             Type                      Level
   a - Freeze                         Ice                          1
   b - Throw Frost                    Conjuration/Ice              2
   c - Ozocubu's Armour               Charms/Ice                   3
   d - Throw Icicle                   Conjuration/Ice              4
   e - Summon Ice Beast               Ice/Summoning                4
Comestibles
 c - 2 bread rations
 f - 2 royal jellies
 l - a meat ration


   Skills:
 - Level 2.1 Dodging
 - Level 1.7 Stealth
 * Level 3.5 Spellcasting
 + Level 1.3 Conjurations
 + Level 4.3 Ice Magic


You had 3 spell levels left.
You knew the following spells:

 Your Spells              Type           Power        Failure   Level  Hunger
a - Freeze                Ice            ###.         3%          1    None
e - Ozocubu's Armour      Chrm/Ice       #.......     22%         3    ###....
f - Throw Frost           Conj/Ice       ##....       9%          2    ##.....


Dungeon Overview and Level Annotations

Branches:
Dungeon (2/15)

Altars:


Innate Abilities, Weirdness & Mutations

Shadows flee at your approach. (+LOS)
You can swim through water.
You cover ground slowly.
You can hop short distances.


Message History

* * * LOW HITPOINT WARNING * * *
You climb upwards.
There is a stone staircase leading down here.
Casting: Freeze
Confirm with . or Enter, or press ? or * to list all spells.
Aiming: Freeze
Press: ? - help, Shift-Dir - straight line, f - gnoll
Aim: a gnoll, wielding a club You freeze the gnoll.
The gnoll is moderately wounded.
The gnoll closely misses you.
Casting: Freeze
Confirm with . or Enter, or press ? or * to list all spells.
Aiming: Freeze
Press: ? - help, Shift-Dir - straight line, f/p - gnoll
Aim: a gnoll, wielding a club (moderately wounded)
You freeze the gnoll.
The gnoll is heavily wounded.
The gnoll hits you with a club!
You die...

#.####......#.# #####
#......######.#
######## #.# #†#
#.#######
####.......#
#...)....#.# #####
#.##.###.#.####...#
#.##.##@..........#
#.##...g.#.####...#
######.#...##.#.#
##.## ###
#...........#.#.#
#.##
..###.####.#........#
#..# ##.##.#
#........### ##.#
##.#.## ####.#####
#.# ####.#.## #.# #.#
....###.# ##'## #.#


You could see a gnoll.

Vanquished Creatures
  A gnoll (D:2)
  An adder (D:2)
  A dart slug (D:1)
  A giant cockroach (D:1)
  6 hobgoblins (D:1)
  4 jackals (D:1)
  7 kobolds
  2 bats (D:1)
  4 frilled lizards (D:1)
  2 goblins (D:1)
  3 rats (D:1)
32 creatures vanquished.

Notes
Turn   | Place    | Note
-------+----------+-------------------------------------------
     0 | D:1      | Danakh the Barachi Ice Elementalist began the quest for the Orb.
     0 | D:1      | Reached XP level 1. HP: 13/13 MP: 3/3
   247 | D:1      | Reached XP level 2. HP: 19/19 MP: 0/5
   932 | D:1      | Reached skill level 4 in Ice Magic
   932 | D:1      | Reached XP level 3. HP: 24/24 MP: 3/7
   951 | D:1      | Learned a level 2 spell: Throw Frost
   955 | D:1      | Learned a level 3 spell: Ozocubu's Armour
  1323 | D:1      | Slain by a gnoll

Skill      XL: |  1  2 |
---------------+-------+-----
Spellcasting   | 3 |  3.5
Ice Magic      | 4 |  4.3
Dodging        | |  2.1
Stealth        | |  1.7
Conjurations   | |  1.3

Action                   || total
-------------------------++-------
Melee: Unarmed           ||     2
       Short sword       ||    16
 Cast: Freeze            ||    51
 Abil: Hop               ||     1
  Eat: Chunk             ||     2
Armor: Robe              ||    10
Dodge: Dodged            ||    34
